[Event "*** SCC Grand Prix: Titled Tuesday Blitz"]
[Site "Chess.com"]
[Date "2020.07.14"]
[Round "4"]
[White "Ashedu66"]
[Black "reniite"]
[Result "1-0"]
[WhiteElo "2181"]
[BlackElo "1904"]
[TimeControl "180+1"]
[EndTime "10:42:36 PDT"]
[Termination "Ashedu66 won by checkmate"]

1. d4 Nf6 2. c4 e6 3. Nf3 b6 4. a3 Bb7 5. Nc3 d5 6. Bg5 Be7 7. Qa4+ Bc6 8. Qc2 O-O 9. e3 Bb7 10. Rd1 dxc4 11. Bxc4 h6 12. Bf4 Nbd7 13. e4 c5 14.
dxc5 Bxc5 15. O-O Qe7 16. b4 Nh5 17. Bc1 Bd6 18. Qd2 Ne5 19. Be2 Rad8 20. Qa2 Nf6 21.
Nb5 Nxf3+ 22. Bxf3 Bxe4 23. Nxd6 Rxd6 24. Rxd6 Qxd6 25.
Qe2 Bxf3 26. Qxf3 Qd5 27. Qc3 Ne4 28. Qc7 Rd8 29. Bb2 Qd6 30. Qxa7 Nd2 31. Re1 Qf4 32. h3 Qg5 33. Qb7 Rd5 34. Qc8+ Kh7 35. Qc3 f5 36. Qe3 Qxe3 37. Rxe3 Nc4 38. Rb3 Nxb2 39. Rxb2 Kg6 40.
a4 Kf6 41. Ra2 Ke7 42. a5 bxa5 43. bxa5 Rd7 44. a6 Ra7 45. f4 Kd6 46. Kf2 e5 47. fxe5+ Kxe5 48. Ke3 g5 49. g3 f4+ 50. gxf4+ gxf4+ 51. Kf3 Kf5 52. Ra5+ Ke6 53. Kxf4 Kd6 54. Kg4 Kc6 55. Kh5 Kb6 56. Ra2 Ra8 57. Kxh6 Ka7 58. h4 Rh8+ 59. Kg5 Rg8+ 60. Kf4 Rf8+ 61. Kg4 Rg8+ 62.
Kh3 Rh8 63. Ra4 Rh7 64. Ra5 Rh8 65. Ra3 Rh7 66. Ra5 Rh8 67. Rg5 Kxa6 68. Rc5 Kb6 69. Rc1 Kb7 70. Kg4 Rg8+ 71. Kh3 Rh8 72. Rc5 Kb6 73. Rc3 Kb7 74. Kg4 Rg8+ 75. Kf4 Rf8+ 76. Kg5 Rg8+ 77. Kh6 Rh8+ 78. Kg5 Rg8+ 79. Kf6 Rh8 80. Rc4 Kb6 81. Kg5 Rg8+ 82. Kf6 Kb5 83. Rf4 Rh8 84. Kg5 Kc5 85. Rf6 Kd5 86. h5 Ke5 87.
Rf1 Rg8+ 88. Kh6 Rh8+ 89. Kg6 Rg8+ 90. Kh7 Rg5 91. h6 Ke6 92. Kh8 Ra5 93. h7 Ra8+ 94. Kg7 Ra7+ 95. Kg6 Rxh7 96. Kxh7 Ke5 97. Kg6 Ke4 98.
Rf8 Kd5 99. Re8 Kd4 100. Kf5 Kc4 101. Ke5 Kc5 102. Rd8 Kb5 103. Kd4 Kb6 104. Kd5 Kc7 105. Rh8 Kb7 106. Rh6 Kc7 107. Rg6 Kd7 108. Rg7+ Ke8 109. Kd6 Kf8 110. Ra7 Ke8 111. Ke6 Kf8 112. Rh7 Ke8 113. Ra7 Kf8 114. Kf6 Kg8 115. Rb7 Kf8 116. Rb8# 1-0

[Event "*** SCC Grand Prix: Titled Tuesday Blitz"]
[Site "Chess.com"]
[Date "2020.07.14"]
[Round "4"]
[White "viditchess"]
[Black "KobyKalavannan"]
[Result "1-0"]
[WhiteElo "3008"]
[BlackElo "2747"]
[TimeControl "180+1"]
[EndTime "10:42:53 PDT"]
[Termination "viditchess won by resignation"]

1. d4 Nf6 2. c4 g6 3. Nc3 Bg7 4. g3 O-O 5. Bg2 d6 6. Nf3 Nc6 7. O-O Bf5 8. d5 Na5 9. Nh4 Nxc4 10. Nxf5 gxf5 11. Qd3 Ne5 12. Qxf5 Qd7 13. Qc2 c5 14. dxc6 Nxc6 15. Rd1 Rac8 16. Bg5 Qg4 17. Qd2 Ne5 18. h3 Qd7 19. Bh6 Bxh6 20. Qxh6 Qf5 21. Rd4 Rc4 22. Rad1 Qg6 23. Qe3 Rc7 24. Nd5 Nxd5 25. Bxd5 Kh8 26.
Rh4 Qf6 27. Be4 Ng6 28. Bxg6 fxg6 29. Rf4 Qg7 30. Rxf8+ Qxf8 31. Qxa7 Rc2 32. Qb6 Rxe2 33. Rf1 Qf6 34. b4 Rxa2 35. Qxb7 Kg7 36. b5 Rb2 37. b6 Qd4 38. Qxe7+ Kg8 39. b7 Qb6 40. Qe8+ Kg7 41.
Qe7+ Kg8 42. Qe6+ Kg7 43. Qd7+ Kg8 44. Qc8+ Kg7 45. Qc3+ Kg8 46. Qf6 Qxb7 47. Qxd6 Rb1 48.
Qd8+ Kg7 49. Qd4+ Kg8 50. Qc4+ Kg7 51. Qc3+ Kg8 52. Rxb1 Qxb1+ 53. Kg2 Qe4+ 54. Qf3 Qe6 55. Qf4 Kg7 56. Qd4+ Kg8 57. Qe3 Qd5+ 58. Kh2 Kg7 59. g4 Qd6+ 60. f4 Qb4 61. Kg3 Qb1 62. Qe7+ Kg8 63.
Qd8+ Kg7 64. Qd4+ Kg8 65. Qd5+ Kg7 66. Qe5+ Kg8 67. Qe3 Qc2 68. f5 gxf5 69. Qg5+ Kh8 70.
Qf6+ Kg8 71. Qe6+ Kh8 72. Qe5+ Kg8 73. Qd5+ Kh8 74. Qd4+ Kg8 75. Qd5+ Kh8 76. Qxf5 Qc3+ 77. Kh4 Qe1+ 78. Kh5 Qe8+ 79. Kg5 Qe3+ 80. Kh4 Qe1+ 81. Kh5 Qe8+ 82. Kg5 Qe3+ 83. Qf4 Qe7+ 84. Qf6+ Qg7+ 85. Kf5 Kg8 86. Qxg7+ Kxg7 87. Kg5 h6+ 88. Kf5 Kf7 89.
h4 Kg7 90. Ke5 Kg6 91. Ke6 Kg7 92. h5 Kg8 93. Kf6 Kh7 94. Kf7 Kh8 95. Kg6 Kg8 96. Kxh6 Kh8 97. Kg6 Kg8 98. Kg5 Kg7 99. Kh4 Kh6 100.
g5+ Kh7 101. Kg4 Kg7 102. Kf5 Kf7 103. h6 Kg8 104. g6 Kh8 105. Kf6 Kg8 106. h7+ Kh8 107. g7+ 1-0

[Event "*** SCC Grand Prix: Titled Tuesday Blitz"]
[Site "Chess.com"]
[Date "2020.07.14"]
[Round "5"]
[White "ChessFunMaker"]
[Black "DrVitman"]
[Result "1-0"]
[WhiteElo "2274"]
[BlackElo "2485"]
[TimeControl "180+1"]
[EndTime "10:50:45 PDT"]
[Termination "ChessFunMaker won by resignation"]

1. c4 c5 2. g3 Nc6 3. Bg2 d6 4. Nc3 g6 5. Nf3 Bg7 6. O-O e5 7. a3 Nge7 8. b4 cxb4 9. axb4 Nxb4 10. Ba3 Nbc6 11. Ne4 d5 12. Nd6+ Kf8 13. cxd5 Nxd5 14. Nxb7+ 1-0

[Event "*** SCC Grand Prix: Titled Tuesday Blitz"]
[Site "Chess.com"]
[Date "2020.07.14"]
[Round "5"]
[White "Alberquintin"]
[Black "xberli"]
[Result "0-1"]
[WhiteElo "2349"]
[BlackElo "2304"]
[TimeControl "180+1"]
[EndTime "10:51:41 PDT"]
[Termination "xberli won by resignation"]

1. c4 Nf6 2. Nf3 g6 3. g3 Bg7 4. Bg2 O-O 5. O-O d5 6. cxd5 Nxd5 7. Nc3 Nb6 8. d3 Nc6 9. Be3 a5 10. Rc1 e5 11. Ne4 a4 12. Nc5 a3 13. b3 Nd5 14.
Nd2 Nxe3 15. fxe3 Bh6 16. Nc4 Qe7 17. Ne4 f5 18. Nc3 Rd8 19. Nd5 Qg7 20. Rc2 Be6 21. e4 Nd4 22. e3 Nxc2 23. Qxc2 c6 24. Ndb6 Rab8 25. Qc3 Bxc4 26. Nxc4 b5 27. Nxe5 Bxe3+ 28. Kh1 Bd4 0-1

[Event "*** SCC Grand Prix: Titled Tuesday Blitz"]
[Site "Chess.com"]
[Date "2020.07.14"]
[Round "5"]
[White "Jabberwockiez"]
[Black "Tashik"]
[Result "1-0"]
[WhiteElo "2302"]
[BlackElo "2401"]
[TimeControl "180+1"]
[EndTime "10:51:54 PDT"]
[Termination "Jabberwockiez won by resignation"]

1. e4 Nf6 2. e5 Nd5 3. d4 d6 4. c4 Nb6 5. exd6 cxd6 6. Nc3 g6 7. Be3 Bg7 8. Rc1 O-O 9. b3 Nc6 10. d5 Ne5 11. Be2 f5 12. f4 Ng4 13. Bd4 e5 14.
dxe6 Bxe6 15. Bxg7 Kxg7 16. Nf3 Ne3 17. Qd4+ 1-0

[Event "*** SCC Grand Prix: Titled Tuesday Blitz"]
[Site "Chess.com"]
[Date "2020.07.14"]
[Round "5"]
[White "RusPakhom"]
[Black "SARGISMV"]
[Result "0-1"]
[WhiteElo "2278"]
[BlackElo "2484"]
[TimeControl "180+1"]
[EndTime "10:51:59 PDT"]
[Termination "SARGISMV won by resignation"]

1. e4 e6 2. d4 d5 3. Nd2 Nc6 4.
c3 e5 5. exd5 Qxd5 6. Bc4 Qxg2 7.
Qf3 Qxf3 8. Ngxf3 exd4 9. cxd4 Be7 10. Ne4 Nf6 11. Ng3 O-O 12. Bf4 Bg4 13. Ne5 Nxd4 14.
O-O Bd6 15. Rad1 Bxe5 0-1

[Event "*** SCC Grand Prix: Titled Tuesday Blitz"]
[Site "Chess.com"]
[Date "2020.07.14"]
[Round "5"]
[White "guillembaches"]
[Black "tk22h"]
[Result "1/2-1/2"]
[WhiteElo "2415"]
[BlackElo "2302"]
[TimeControl "180+1"]
[EndTime "10:52:05 PDT"]
[Termination "Game drawn by agreement"]

1. e4 e5 2. Nf3 Nc6 3. Nc3 Nf6 4. d4 exd4 5. Nxd4 Bb4 6. Nxc6 bxc6 7. Bd3 O-O 8. O-O d5 9. Bd2 Bxc3 10. Bxc3 dxe4 11. Bxf6 Qxf6 12. Bxe4 Qxb2 13. Bxc6 Rb8 14. Rb1 Qxb1 15.
Qxb1 Rxb1 16. Rxb1 Be6 17. Rb7 Rd8 18. Bf3 a6 19.
Rxc7 Bxa2 20. c4 g6 21. c5 Bd5 22. Bxd5 Rxd5 23. h4 a5 24. c6 Rc5 25. g3 a4 26. Ra7 Rxc6 27. Rxa4 Kg7 1/2-1/2

[Event "*** SCC Grand Prix: Titled Tuesday Blitz"]
[Site "Chess.com"]
[Date "2020.07.14"]
[Round "5"]
[White "quesfr"]
[Black "JoakimVonAnd"]
[Result "0-1"]
[WhiteElo "2216"]
[BlackElo "2452"]
[TimeControl "180+1"]
[EndTime "10:52:08 PDT"]
[Termination "JoakimVonAnd won by resignation"]

1. e4 c6 2. d4 d5 3. e5 Bf5 4.
h4 h5 5. Bd3 Bxd3 6. Qxd3 Qa5+ 7. Nd2 Qa6 8. c4 e6 9. Ne2 Nd7 10. O-O Ne7 11. b3 Nf5 12. Nf3 Nb6 13. Ng3 Nxg3 14.
fxg3 dxc4 15. bxc4 Qxc4 16. Qd1 Bb4 17. Ng5 Bc3 18.
Nxf7 Qxd4+ 19. Kh1 Qxd1 20. Rxd1 Kxf7 0-1

[Event "*** SCC Grand Prix: Titled Tuesday Blitz"]
[Site "Chess.com"]
[Date "2020.07.14"]
[Round "5"]
[White "Borsuk_Konstantin"]
[Black "Igor_Lysyj"]
[Result "0-1"]
[WhiteElo "2564"]
[BlackElo "2803"]
[TimeControl "180+1"]
[EndTime "10:52:15 PDT"]
[Termination "Igor_Lysyj won by resignation"]

1. d4 d5 2. c4 e6 3. Nc3 dxc4 4. Nf3 a6 5. e3 b5 6. a4 b4 7. Ne4 Bb7 8. Ng3 c5 9. Bxc4 cxd4 10. exd4 Nf6 11.
O-O Be7 12. Be3 O-O 13. Rc1 Nc6 14. Ne5 Nd5 15. Nxc6 Bxc6 16. Bxa6 Rxa6 0-1

[Event "*** SCC Grand Prix: Titled Tuesday Blitz"]
[Site "Chess.com"]
[Date "2020.07.14"]
[Round "5"]
[White "MVM2008"]
[Black "MergenKakabaev"]
[Result "0-1"]
[WhiteElo "2231"]
[BlackElo "2425"]
[TimeControl "180+1"]
[EndTime "10:52:16 PDT"]
[Termination "MergenKakabaev won by resignation"]

1. e4 e5 2. Nf3 Nc6 3. Bb5 a6 4. Ba4 Nf6 5. O-O Be7 6. Re1 b5 7. Bb3 d6 8. c3 O-O 9. h3 Na5 10.
Bc2 c5 11. d4 Qc7 12. Nbd2 cxd4 13. cxd4 Nc6 14. d5 Nb4 15. Bb1 a5 16. Nf1 Bd7 17. g4 Rfc8 18. a3 Nc2 19. Ra2 Nxe1 0-1

[Event "*** SCC Grand Prix: Titled Tuesday Blitz"]
[Site "Chess.com"]
[Date "2020.07.14"]
[Round "5"]
[White "Zhuu96"]
[Black "Mikhail_Golubev"]
[Result "0-1"]
[WhiteElo "2820"]
[BlackElo "2602"]
[TimeControl "180+1"]
[EndTime "10:52:19 PDT"]
[Termination "Mikhail_Golubev won by resignation"]

1. e4 c5 2. Nf3 d6 3. d4 cxd4 4. Nxd4 Nf6 5. Nc3 g6 6. Be3 Bg7 7. Be2 Nc6 8. Qd2 O-O 9. Nb3 Ng4 10. Bxg4 Bxg4 11. f3 Be6 12. O-O-O Ne5 13. Bh6 Nc4 14. Qg5 Bf6 15. Qf4 Re8 16. h4 Rc8 17. h5 Nxb2 18. Kxb2 Bxc3+ 19. Kb1 Be5 20. Qh4 Qc7 21. Rd2 Qc3 22.
Kc1 Bxb3 0-1

[Event "*** SCC Grand Prix: Titled Tuesday Blitz"]
[Site "Chess.com"]
[Date "2020.07.14"]
[Round "5"]
[White "colegiodemadrid"]
[Black "Mbneu"]
[Result "1-0"]
[WhiteElo "2393"]
[BlackElo "2207"]
[TimeControl "180+1"]
[EndTime "10:52:33 PDT"]
[Termination "colegiodemadrid won by resignation"]

1. e4 c5 2. Nf3 Nf6 3. Nc3 d5 4. exd5 Nxd5 5. Bb5+ Bd7 6. Ne5 Nf6 7. Qf3 Qc8 8. O-O a6 9. Nxd7 Nbxd7 10. Bc4 b5 11.
Be2 e6 12. a4 b4 13. Ne4 Be7 14. d3 O-O 15. b3 Nd5 16. Bb2 f5 17. Qg3 g6 18. Nd6 Qb8 19. Nc4 f4 20. Qh3 Rf5 21.
Bg4 f3 22. Bxf5 exf5 23. Qxf3 1-0

[Event "*** SCC Grand Prix: Titled Tuesday Blitz"]
[Site "Chess.com"]
[Date "2020.07.14"]
[Round "5"]
[White "bugsbunny444"]
[Black "BabyFacedAssasin"]
[Result "1-0"]
[WhiteElo "2463"]
[BlackElo "2234"]
[TimeControl "180+1"]
[EndTime "10:52:38 PDT"]
[Termination "bugsbunny444 won by resignation"]

1. Nf3 f5 2. g3 Nf6 3. Bg2 g6 4.
d4 Bg7 5. O-O O-O 6. b4 d6 7.
Bb2 c6 8. c4 a5 9. b5 d5 10.
Nbd2 dxc4 11. bxc6 c3 12. cxb7 Bxb7 13. Bxc3 Nc6 14. Qb3+ Qd5 15. Qxb7 Rfb8 16. Qc7 1-0

[Event "*** SCC Grand Prix: Titled Tuesday Blitz"]
[Site "Chess.com"]
[Date "2020.07.14"]
[Round "5"]
[White "pedro_nascimento85"]
[Black "Kaua18"]
[Result "0-1"]
[WhiteElo "1944"]
[BlackElo "2278"]
[TimeControl "180+1"]
[EndTime "10:52:51 PDT"]
[Termination "Kaua18 won by resignation"]

1. d4 Nf6 2. c4 e6 3. Nc3 Bb4 4. Qc2 c5 5. dxc5 O-O 6. a3 Bxc5 7.
b4 Be7 8. Nf3 b6 9. e4 d6 10. Bd3 Nbd7 11. O-O Bb7 12. Rd1 a6 13. Bg5 h6 14. Bh4 Qc7 15. Bg3 Rac8 16. Rac1 Qb8 17. Bf1 Rfd8 0-1

[Event "*** SCC Grand Prix: Titled Tuesday Blitz"]
[Site "Chess.com"]
[Date "2020.07.14"]
[Round "5"]
[White "BJthechessgod"]
[Black "WonderChampion"]
[Result "1-0"]
[WhiteElo "2296"]
[BlackElo "2011"]
[TimeControl "180+1"]
[EndTime "10:52:51 PDT"]
[Termination "BJthechessgod won by resignation"]

1. e4 c5 2. Nf3 g6 3. d4 cxd4 4. Nxd4 Nc6 5. Nc3 Bg7 6. Be3 Nf6 7. Bc4 O-O 8. Bb3 d6 9. f3 Bd7 10. Qd2 Bh8 11. O-O-O a6 12. g4 Nxd4 13. Bxd4 b5 14. h4 b4 15. Nd5 a5 16. h5 a4 17. Nxf6+ Bxf6 18. Bd5 Rb8 19. Bxf6 exf6 20. hxg6 Be6 21. Qh6 Re8 22. g7 1-0

[Event "*** SCC Grand Prix: Titled Tuesday Blitz"]
[Site "Chess.com"]
[Date "2020.07.14"]
[Round "5"]
[White "Zkid"]
[Black "m_ezat"]
[Result "1-0"]
[WhiteElo "2768"]
[BlackElo "2547"]
[TimeControl "180+1"]
[EndTime "10:52:52 PDT"]
[Termination "Zkid won by checkmate"]

1. e4 c6 2. d4 d5 3. exd5 cxd5 4. Bd3 Nc6 5. c3 Qc7 6. Ne2 Bg4 7. O-O e6 8. Qe1 Bxe2 9. Qxe2 Nf6 10. Nd2 Bd6 11. g3 h5 12. f4 h4 13. Nf3 hxg3 14. hxg3 O-O-O 15. Bd2 Nh5 16. Kg2 Kb8 17. Rh1 g6 18.
Ne5 Nf6 19. Rxh8 Rxh8 20. Rh1 Rxh1 21. Kxh1 Qb6 22. Nxf7 Bc7 23. Qxe6 Qxb2 24. Qxf6 Qxd2 25. Qh8+ Nd8 26. Nxd8 b5 27. Ne6+ Kb7 28. Nc5+ Kb6 29. Qf6+ Ka5 30. Qa6# 1-0

[Event "*** SCC Grand Prix: Titled Tuesday Blitz"]
[Site "Chess.com"]
[Date "2020.07.14"]
[Round "5"]
[White "Mikhal867"]
[Black "bgfbfbgfbgfgf"]
[Result "0-1"]
[WhiteElo "2399"]
[BlackElo "2669"]
[TimeControl "180+1"]
[EndTime "10:52:58 PDT"]
[Termination "bgfbfbgfbgfgf won by checkmate"]

1. c4 Nf6 2. Nc3 g6 3. e4 d6 4. d4 Bg7 5. f3 O-O 6. Be3 b6 7.
Qd2 c5 8. Nge2 e6 9. O-O-O Nc6 10. d5 Ne5 11. Ng3 Ba6 12. b3 exd5 13. Nxd5 Nxd5 14.
Qxd5 Qf6 15. Qxd6 Nd3+ 16. Rxd3 Qa1+ 17. Kd2 Rad8 18. Qxd8 Bc3+ 19. Ke2 Qe1# 0-1

[Event "*** SCC Grand Prix: Titled Tuesday Blitz"]
[Site "Chess.com"]
[Date "2020.07.14"]
[Round "5"]
[White "ChessWarrior7197"]
[Black "RoelandPruijssers"]
[Result "1-0"]
[WhiteElo "2851"]
[BlackElo "2597"]
[TimeControl "180+1"]
[EndTime "10:52:59 PDT"]
[Termination "ChessWarrior7197 won by resignation"]

1. e4 d5 2. exd5 Qxd5 3. Nc3 Qa5 4. Bc4 Nf6 5. d4 Bg4 6. Nf3 e6 7. h3 Bxf3 8. Qxf3 Nc6 9. Bb5 Qb6 10. Be3 Bb4 11. Bxc6+ Qxc6 12. Qxc6+ bxc6 13. O-O-O O-O-O 14. Na4 Kb7 15. c4 Be7 16. Rd3 Ne4 17. Rhd1 h5 18. Nc3 Nd6 19. b3 Nf5 20. Kc2 Rd7 21. Ne4 Rhd8 22.
b4 Nd6 23. Nc5+ Kc8 24. Nxd7 Rxd7 25. Kb3 Nf5 26. d5 exd5 27. cxd5 cxd5 28. Rxd5 Nd6 1-0

[Event "*** SCC Grand Prix: Titled Tuesday Blitz"]
[Site "Chess.com"]
[Date "2020.07.14"]
[Round "5"]
[White "Kostya26"]
[Black "2008king"]
[Result "1-0"]
[WhiteElo "2390"]
[BlackElo "2234"]
[TimeControl "180+1"]
[EndTime "10:52:59 PDT"]
[Termination "Kostya26 won by resignation"]

1. e4 e5 2. Nf3 Nc6 3. d4 exd4 4. c3 dxc3 5. Nxc3 d6 6. Bc4 Be6 7. Bxe6 fxe6 8. Qb3 Qc8 9. Ng5 Nd8 10. O-O Nf6 11. Be3 h6 12. Nf3 Be7 13. Rac1 O-O 14. Nd4 Kh7 15.
f4 c5 16. Nde2 Nc6 17. Qc2 Qc7 18. e5+ 1-0

[Event "*** SCC Grand Prix: Titled Tuesday Blitz"]
[Site "Chess.com"]
[Date "2020.07.14"]
[Round "5"]
[White "RaunakSadhwani2005"]
[Black "Aronyak1"]
[Result "1/2-1/2"]
[WhiteElo "2950"]
[BlackElo "2758"]
[TimeControl "180+1"]
[EndTime "10:53:02 PDT"]
[Termination "Game drawn by repetition"]

1. d4 d5 2. Bf4 Nf6 3. e3 c5 4. c3 Nc6 5. Nd2 Bf5 6. Qb3 Qc8 7. Ngf3 c4 8. Qd1 h6 9. Be2 e6 10. Ne5 Be7 11. a4 O-O 12. g4 Bh7 13.
h4 Nxe5 14. Bxe5 Ne4 15. Nxe4 Bxe4 16. Bf3 Bd3 17. g5 f6 18. Bf4 fxg5 19. hxg5 hxg5 20.
Be5 Bf6 21. Bd6 Rd8 22. Bg3 Qc6 23. Be2 Be4 24. Bf3 Bd3 25. Be2 Be4 26. Bf3 Bd3 1/2-1/2

[Event "*** SCC Grand Prix: Titled Tuesday Blitz"]
[Site "Chess.com"]
[Date "2020.07.14"]
[Round "5"]
[White "Flawless_Fighter"]
[Black "Irishchessman16"]
[Result "1-0"]
[WhiteElo "2569"]
[BlackElo "2385"]
[TimeControl "180+1"]
[EndTime "10:53:02 PDT"]
[Termination "Flawless_Fighter won by resignation"]

1. e4 c5 2. Nf3 Nc6 3. Bb5 e6 4. Bxc6 bxc6 5. d3 Ne7 6. h4 d6 7.
e5 Ng6 8. Qe2 dxe5 9. h5 Nf4 10.
Qxe5 Nd5 11. h6 f6 12. Qe4 g6 13.
b3 e5 14. Na3 Qa5+ 15. Kf1 Qc3 16. Rb1 Bf5 17. Qa4 Nb4 18. Bd2 Bxd3+ 19. Kg1 1-0

[Event "*** SCC Grand Prix: Titled Tuesday Blitz"]
[Site "Chess.com"]
[Date "2020.07.14"]
[Round "5"]
[White "Zhani-Z"]
[Black "oskariot"]
[Result "0-1"]
[WhiteElo "2420"]
[BlackElo "2646"]
[TimeControl "180+1"]
[EndTime "10:53:05 PDT"]
[Termination "oskariot won by resignation"]

1. e4 e6 2. d4 b6 3. Bd3 Bb7 4. Nf3 c5 5. c3 Nf6 6. Qe2 cxd4 7. cxd4 Nc6 8. a3 Rc8 9. O-O Na5 10. Nc3 Nb3 11. Rb1 Nxc1 12. Rbxc1 Be7 13. d5 O-O 14. d6 Bxd6 15. e5 Bxf3 16. gxf3 Nh5 17. Qe4 f5 18.
exf6 Nxf6 19. Qh4 Rc5 20. Ne4 Nxe4 21. Qxd8 Rxd8 22. fxe4 g6 23. Kg2 Kf7 24. f4 Rxc1 25. Rxc1 Bxf4 26. h4 0-1

[Event "*** SCC Grand Prix: Titled Tuesday Blitz"]
[Site "Chess.com"]
[Date "2020.07.14"]
[Round "5"]
[White "rynos0411"]
[Black "Ze-Pequeno"]
[Result "1-0"]
[WhiteElo "2404"]
[BlackElo "2257"]
[TimeControl "180+1"]
[EndTime "10:53:07 PDT"]
[Termination "rynos0411 won by resignation"]

1. d4 Nf6 2. c4 e6 3. Nf3 b6 4. g3 Ba6 5. b3 c6 6. Bg2 Bb4+ 7. Bd2 Be7 8. O-O d5 9. Ne5 Nfd7 10. Nxd7 Nxd7 11.
Qc2 O-O 12. e4 Rc8 13. Rd1 c5 14. exd5 exd5 15. dxc5 dxc4 16. Be3 Bf6 17. Nc3 Qc7 18. Nd5 Qe5 19. Bd4 Qxd4 20. Rxd4 Bxd4 1-0

[Event "*** SCC Grand Prix: Titled Tuesday Blitz"]
[Site "Chess.com"]
[Date "2020.07.14"]
[Round "5"]
[White "Doraemon7"]
[Black "GeorgMeier"]
[Result "0-1"]
[WhiteElo "2638"]
[BlackElo "2956"]
[TimeControl "180+1"]
[EndTime "10:53:11 PDT"]
[Termination "GeorgMeier won by resignation"]

1. d4 e6 2. c4 b6 3. Nf3 Bb7 4. g3 Bb4+ 5. Bd2 Bxf3 6. exf3 Bxd2+ 7. Qxd2 Nf6 8. Nc3 d5 9. Bg2 dxc4 10. f4 c6 11. Rd1 a6 12. a4 Ra7 13. O-O O-O 14.
Rfe1 b5 15. f5 exf5 16. Qf4 Rd7 17. d5 cxd5 18. axb5 g6 19. bxa6 Nxa6 20. Qd4 Nb4 21. b3 Nc2 0-1

[Event "*** SCC Grand Prix: Titled Tuesday Blitz"]
[Site "Chess.com"]
[Date "2020.07.14"]
[Round "5"]
[White "mirochka"]
[Black "Sueetin"]
[Result "0-1"]
[WhiteElo "2150"]
[BlackElo "2337"]
[TimeControl "180+1"]
[EndTime "10:53:15 PDT"]
[Termination "Sueetin won by resignation"]

1. e4 e6 2. Nf3 d5 3. e5 c5 4. b4 b6 5. b5 d4 6. c3 Nh6 7.
cxd4 cxd4 8. Bb2 Bc5 9. Bd3 Bb7 10. Na3 Nd7 11. Nc2 Qb8 12. Ncxd4 Nxe5 13. O-O Nxd3 14. Bc3 Bxd4 15. Bxd4 Nf5 16. Bc3 O-O 17. g3 Qd6 18.
Qe2 Qd5 19. Kg2 Nh4+ 0-1

[Event "*** SCC Grand Prix: Titled Tuesday Blitz"]
[Site "Chess.com"]
[Date "2020.07.14"]
[Round "5"]
[White "mjray79"]
[Black "verdest"]
[Result "0-1"]
[WhiteElo "2336"]
[BlackElo "2509"]
[TimeControl "180+1"]
[EndTime "10:53:17 PDT"]
[Termination "verdest won by checkmate"]

1. d4 Nf6 2. c4 c5 3. d5 b5 4. Nf3 Bb7 5. Qc2 bxc4 6. e4 e6 7. Bxc4 exd5 8. exd5 Bxd5 9. Bxd5 Nxd5 10. O-O Nc7 11. Be3 Nba6 12. Re1 Be7 13. Bxc5 Nxc5 14. Qxc5 Ne6 15. Qh5 O-O 16. Nc3 Bf6 17. Rad1 Rb8 18.
Re2 Nf4 19. Qg4 Nxe2+ 20. Nxe2 Rxb2 21. Ng3 Qb6 22. Ne4 h6 23. h3 Re8 24. Qxd7 Rxe4 25.
Qc8+ Kh7 26. Qf5+ g6 27. Qxe4 Qxf2+ 28. Kh2 Qxg2# 0-1

[Event "*** SCC Grand Prix: Titled Tuesday Blitz"]
[Site "Chess.com"]
[Date "2020.07.14"]
[Round "5"]
[White "Nafania1"]
[Black "c_r_e_e_p_e_r"]
[Result "1-0"]
[WhiteElo "2435"]
[BlackElo "2299"]
[TimeControl "180+1"]
[EndTime "10:53:19 PDT"]
[Termination "Nafania1 won by resignation"]

1. e4 c5 2. Nf3 d6 3. Bb5+ Nd7 4.
c3 Nf6 5. Bd3 e6 6. Bc2 Be7 7. d4 cxd4 8. cxd4 O-O 9. Nc3 b6 10.
O-O Bb7 11. Re1 Rc8 12. Bf4 Re8 13. h3 Bf8 14. e5 Nd5 15. Bxh7+ Kxh7 16. Ng5+ Kg8 17.
Qh5 N5f6 18. exf6 Nxf6 19. Qxf7+ Kh8 20. Qxb7 Rc7 21. Nf7+ Rxf7 22. Qxf7 Re7 23. Qg6 Kg8 24. Bg5 1-0

[Event "*** SCC Grand Prix: Titled Tuesday Blitz"]
[Site "Chess.com"]
[Date "2020.07.14"]
[Round "5"]
[White "supertfc"]
[Black "ViktoriyaTarasova"]
[Result "1-0"]
[WhiteElo "2411"]
[BlackElo "2222"]
[TimeControl "180+1"]
[EndTime "10:53:19 PDT"]
[Termination "supertfc won by resignation"]

1. e4 e5 2. Nf3 Nc6 3. Bb5 Nf6 4. O-O Nxe4 5. d4 Nd6 6. Bxc6 dxc6 7. dxe5 Nf5 8. Qxd8+ Kxd8 9. Nc3 Bd7 10. h3 h6 11. Ne2 Kc8 12. b3 c5 13. Bb2 Bc6 14. Nd2 Be7 15. Kh2 b6 16. g4 Nh4 17.
f4 Kb7 18. Kg3 Rad8 19. Rad1 Rd7 20. Nc4 Rhd8 21. Rxd7 Rxd7 22. f5 Bg5 23. Bc1 Bxc1 24.
Nxc1 Nf3 25. Rxf3 Bxf3 26. Kxf3 b5 27. Ne3 Kc6 28. Ne2 Rd2 29. Ng3 c4 30. Nh5 g6 31.
Ng3 Kc5 32. Ne4+ 1-0

[Event "*** SCC Grand Prix: Titled Tuesday Blitz"]
[Site "Chess.com"]
[Date "2020.07.14"]
[Round "5"]
[White "Sibelephant"]
[Black "Zubrrr"]
[Result "1-0"]
[WhiteElo "3128"]
[BlackElo "2644"]
[TimeControl "180+1"]
[EndTime "10:53:25 PDT"]
[Termination "Sibelephant won by resignation"]

1. Nf3 f5 2. b3 Nf6 3. Bb2 e6 4. g3 b6 5. Bg2 Bb7 6. O-O Be7 7. c4 O-O 8. Nc3 Qc8 9. Rc1 d6 10. d4 c5 11. d5 e5 12. Ng5 Ne8 13. Ne6 Rf7 14. Bh3 g6 15. e4 Ng7 16. exf5 gxf5 17.
Nxg7 Rxg7 18. f4 exf4 19. Rxf4 Bg5 20. Bxf5 Bxf4 21. Bxc8 Bxc1 22. Be6+ 1-0

[Event "*** SCC Grand Prix: Titled Tuesday Blitz"]
[Site "Chess.com"]
[Date "2020.07.14"]
[Round "5"]
[White "UKR_Master"]
[Black "BillCoe"]
[Result "1-0"]
[WhiteElo "2330"]
[BlackElo "2113"]
[TimeControl "180+1"]
[EndTime "10:53:27 PDT"]
[Termination "UKR_Master won by resignation"]

1. e4 c5 2. Nf3 e6 3. c3 d5 4.
e5 d4 5. Bd3 Nc6 6. O-O Nge7 7.
Re1 Ng6 8. g3 Be7 9. h4 Qc7 10.
Qe2 Bd7 11. Na3 a6 12. b3 b5 13. Nc2 dxc3 14. dxc3 O-O-O 15. a4 c4 16. bxc4 bxc4 17. Bxc4 Bc5 18. Rb1 Nb8 19. Bxa6+ 1-0

[Event "*** SCC Grand Prix: Titled Tuesday Blitz"]
[Site "Chess.com"]
[Date "2020.07.14"]
[Round "5"]
[White "ItsCheckM8Mate"]
[Black "GiantThresher"]
[Result "0-1"]
[WhiteElo "2262"]
[BlackElo "2515"]
[TimeControl "180+1"]
[EndTime "10:53:29 PDT"]
[Termination "GiantThresher won by resignation"]

1. e4 c5 2. Nf3 Nc6 3. d4 cxd4 4.
Nxd4 g6 5. c4 Nf6 6. Nc3 d6 7.
Be2 Nxd4 8. Qxd4 Bg7 9. Be3 O-O 10. Qd2 a5 11. b3 a4 12. Rc1 axb3 13. axb3 Qa5 14.
O-O Qb4 15. Rb1 Be6 16. f3 Rfc8 17. Na4 Qxd2 18. Bxd2 Nd7 19. Be3 f5 20. exf5 Bxf5 21. Rbd1 Bc2 22. c5 Bxb3 0-1

[Event "*** SCC Grand Prix: Titled Tuesday Blitz"]
[Site "Chess.com"]
[Date "2020.07.14"]
[Round "5"]
[White "AsselLesbekova"]
[Black "maestroza"]
[Result "0-1"]
[WhiteElo "2324"]
[BlackElo "2502"]
[TimeControl "180+1"]
[EndTime "10:53:43 PDT"]
[Termination "maestroza won by resignation"]

1. e4 Nf6 2. e5 Nd5 3. d4 d6 4.
f4 dxe5 5. fxe5 c5 6. c3 Nc6 7.
Bc4 Nb6 8. Bb3 cxd4 9. cxd4 Qxd4 10. Nf3 Qxd1+ 11. Bxd1 Bg4 12. Bf4 e6 13. O-O Bc5+ 14. Kh1 Nd5 15. Bg3 Ne3 16. Re1 Nxd1 17. Rxd1 Bxf3 18.
gxf3 Bd4 19. Nc3 Bxe5 20. Bxe5 Nxe5 21. Kg2 Ke7 22. Rd4 Rhd8 23. Rad1 Rxd4 24. Rxd4 Rd8 25.
Rb4 b6 26. Kg3 Rd3 0-1